 Dungeon Crawl Stone Soup version 0.19.0-24-gb05acd6 (webtiles) character file.

4024 Ladykiller69 the Cleaver (level 10, -4/71 HPs)
             Began as a Formicid Fighter on Nov 20, 2016.
             Was a Believer of Cheibriados.
             Incinerated by a mottled dragon (6 damage)
             ... with a sticky flame
             ... on level 7 of the Dungeon.
             The game lasted 00:21:31 (8089 turns).

Ladykiller69 the Cleaver (Formicid Fighter)         Turns: 8089, Time: 00:21:32

Health: -4/71      AC: 14    Str: 20 (21) XL:     10   Next: 47%
Magic:  10/10      EV:  5    Int: 15 (16) God:    Cheibriados [**....]
Gold:   89         SH: 18    Dex: 17 (20) Spells: 0 memorised, 9 levels left

rFire  . . .     SeeInvis +     a - +0 war axe
rCold  + . .     Gourm    .     K - +0 plate armour
rNeg   . . .     Faith    .     e - +0 large shield
rPois  .         Spirit   .     (helmet unavailable)
rElec  .         Reflect  .     (no cloak)
rCorr  .         Harm     .     h - +0 pair of gloves
MR     +....                    I - +0 pair of boots "Joebrudo" {+Inv rC+ Str-5 Dex+5}
Stlth  ..........               (no amulet)
                                E - ring of wizardry
                                s - +1 ring of evasion

@: liquid flames, glowing, very slow
A: permanent stasis, dig shafts and tunnels, four strong arms, antennae 3
a: Dig, Shaft Self, Bend Time, Renounce Religion, Evoke Invisibility


You were on level 7 of the Dungeon.
You worshipped Cheibriados.
Cheibriados was pleased with you.
You were not hungry.

You visited 1 branch of the dungeon, and saw 10 of its levels.
You also visited: Sewer.

You collected 393 gold pieces.
You spent 304 gold pieces at shops.

Inventory:

Hand Weapons
 a - a +0 war axe (weapon)
 w - the +4 Vampire's Tooth {vamp}
   (You found it on level 5 of the Dungeon)

   It inflicts no extra harm, but heals its wielder when it wounds a living foe.
 y - a +0 arbalest
Missiles
 g - 253 stones (quivered)
 n - 17 tomahawks
Armour
 b - a +0 scale mail
 c - a +0 shield
 e - a +0 large shield (worn)
 h - a +0 pair of gloves (worn)
 I - the +0 pair of boots "Joebrudo" (worn) {+Inv rC+ Str-5 Dex+5}
   (You bought it in a shop on level 8 of the Dungeon)

   It affects your strength (-5).
   It affects your dexterity (+5).
   It protects you from cold.
   It lets you turn invisible.
 K - a +0 plate armour (worn)
Jewellery
 s - a +1 ring of evasion (left hand)
 E - a ring of wizardry (right hand)
 H - an uncursed ring of ice
Wands
 o - a wand of disintegration (8/24)
 t - a wand of slowing (21/48)
 D - a wand of random effects (18/48)
Scrolls
 l - 5 scrolls of identify
 r - a scroll of remove curse
 v - 2 scrolls of amnesia
 C - a scroll of magic mapping
Potions
 d - a potion of might
 i - 3 potions of mutation
 q - a potion of resistance {unknown}
 u - a potion of degeneration
 B - 2 potions of lignification {unknown}
 G - a potion of flight {unknown}
 J - a potion of brilliance {unknown}
Books
 j - a book of Misfortune

   Spells                             Type                      Level
   a - Confusing Touch                Hexes                        1
   b - Confuse                        Hexes                        3
   c - Gell's Gravitas                Hexes/Translocation          3
   d - Petrify                        Transmutation/Earth          4
   e - Metabolic Englaciation         Hexes/Ice                    5
   f - Yara's Violent Unravelling     Hexes/Transmutation          5
Comestibles
 f - 7 bread rations
 k - 2 fruits
 m - 6 meat rations
 p - a beef jerky
 x - a royal jelly
 A - 3 chunks of flesh
 F - a slice of pizza


   Skills:
 - Level 4.0 Fighting
 * Level 11.6 Axes
 - Level 4.0 Armour
 + Level 10.3 Shields


You had 9 spell levels left.
You didn't know any spells.

Dungeon Overview and Level Annotations

Branches:
Dungeon (10/15)            Temple (0/1) D:6
   Lair: D:8-11         Orc: D:9-12

Altars:
Ashenzari
Cheibriados
Gozag
Xom

Shops:
D:8 [

Annotations:
D:4 Edmund


Innate Abilities, Weirdness & Mutations

You are under a permanent stasis effect.
You can dig through walls and to a lower floor.
Your four strong arms can wield two-handed weapons with a shield.
You have a pair of large antennae on your head. (SInv)


Message History

You block the mottled dragon's attack. The mottled dragon barely misses you.
You feel better.
You are covered in liquid flames!
* * * LOW HITPOINT WARNING * * *
You block the mottled dragon's attack. The mottled dragon claws you.
* * * LOW HITPOINT WARNING * * *
You hit the mottled dragon.
The mottled dragon is heavily wounded.
The mottled dragon breathes sticky fire at you.
The sticky flame hits you!
You are covered in liquid flames!
You hit the mottled dragon.
The mottled dragon is severely wounded.
You are covered in liquid flames!
* * * LOW HITPOINT WARNING * * *
You block the mottled dragon's attack. x2
You closely miss the mottled dragon.
The mottled dragon is severely wounded.
You are covered in liquid flames!
You die...

#.# #...########### #.#
###.......#...#
#.#####.#####.#.#.#
#.#.....# #...#.# #......##
#####.# ########## #......#
#.# .........# #......# #.#
.........#####......### #.#
................@...'.# #.#
#######'#####..D....#.# #.#
#######.# #>......#.# #.#
........# #......)#.# #.#
#############.......#.# #.#
##.<................#.######
#.#
##.##########..............#
#.# ##.#
#.........#######.###.###.#
##.#
#.#######.#...............#


You could see a mottled dragon.

Vanquished Creatures
  Pikel (D:5)
  The ghost of Fartwhistle the Ruffian, a novice NaTm (D:6)
  Sigmund (D:5)
  Eustachio (D:5)
  Menkaure (D:5)
  A hungry ghost (D:7)
  Duvessa (D:4)
  2 ice beasts
  3 sky beasts
  An orc warrior (D:8)
  A centaur (D:6)
  A crocodile (D:9)
  A big kobold (D:8)
  2 bullfrogs
  Dowan (D:4)
  2 scorpions
  4 wights (D:6)
  2 vampire bats (D:5)
  2 bullfrog zombies
  A quasit (D:8)
  A centaur skeleton (D:5)
  2 hounds (D:5)
  2 jellies
  3 orc priests
  Jessica (D:3)
  Natasha (thrice) (D:3)
  9 orc wizards
  7 worker ants
  A hound zombie (D:7)
  4 gnolls (D:4)
  2 howler monkey skeletons
  17 adders
  A shadow imp (D:5)
  An ooze (D:2)
  A worm (D:2)
  3 dart slugs
  6 leopard geckos
  31 orcs
  7 ball pythons
  16 giant cockroaches
  7 goblins
  5 hobgoblins
  3 jackals
  5 quokkas
  11 bats
  11 frilled lizards
  9 kobolds
  A leopard gecko skeleton (D:4)
  3 rats
203 creatures vanquished.

Vanquished Creatures (others)
  A slave (D:6)
  A wight (D:6)
2 creatures vanquished.

Grand Total: 205 creatures vanquished

Notes
Turn   | Place    | Note
-------+----------+-------------------------------------------
     0 | D:1      | Ladykiller69 the Formicid Fighter began the quest for the Orb.
     0 | D:1      | Reached XP level 1. HP: 18/18 MP: 1/1
   175 | D:1      | Reached XP level 2. HP: 14/24 MP: 2/2
   542 | D:1      | Reached XP level 3. HP: 29/29 MP: 3/3
   817 | D:2      | Reached skill level 3 in Axes
  1043 | D:2      | Reached XP level 4. HP: 24/37 MP: 4/4
  1871 | D:3      | Noticed Natasha
  2044 | D:3      | Killed Natasha
  2044 | D:3      | Reached XP level 5. HP: 42/42 MP: 5/5
  2103 | D:3      | Found an opulent altar of Gozag.
  2282 | D:3      | Noticed Jessica
  2285 | D:3      | Killed Jessica
  2285 | D:3      | Reached skill level 4 in Axes
  2316 | D:3      | Found a shimmering altar of Xom.
  2316 | D:3      | Found an opulent altar of Gozag.
  2395 | D:3      | Noticed Natasha
  2412 | D:3      | Killed Natasha
  2418 | D:3      | Noticed Natasha
  2431 | D:3      | Killed Natasha
  2431 | D:3      | Reached XP level 6. HP: 39/48 MP: 6/6
  2652 | D:4      | Noticed an ogre
  3151 | D:4      | Reached skill level 5 in Axes
  3249 | D:4      | Reached skill level 5 in Shields
  3385 | D:4      | Noticed Edmund
  3525 | D:4      | Reached XP level 7. HP: 43/54 MP: 7/7
  3690 | D:4      | Noticed Duvessa
  3692 | D:4      | Noticed Dowan
  3700 | D:4      | Killed Duvessa
  3700 | D:4      | Reached skill level 6 in Axes
  3708 | D:4      | Killed Dowan
  3840 | D:5      | Entered Level 5 of the Dungeon
  3907 | D:5      | Reached XP level 8. HP: 36/60 MP: 8/8
  3932 | D:5      | HP: 1/60 [worker ant (5)]
  3934 | D:5      | Reached skill level 7 in Axes
  3935 | D:5      | Found a glowing drain.
  3946 | Sewer    | Entered a sewer
  4408 | D:5      | Noticed Menkaure
  4412 | D:5      | Killed Menkaure
  4538 | D:5      | Noticed Pikel
  4760 | D:5      | Reached skill level 8 in Axes
  4793 | D:5      | Killed Pikel
  4793 | D:5      | Reached skill level 9 in Axes
  4793 | D:5      | Reached XP level 9. HP: 61/65 MP: 9/9
  4881 | D:5      | Noticed Sigmund
  4897 | D:5      | Killed Sigmund
  5082 | D:5      | Found a faded altar of an unknown god.
  5082 | D:5      | Found a faded altar of an unknown god.
  5082 | D:5      | Noticed Eustachio
  5095 | D:5      | Killed Eustachio
  5100 | D:5      | Found a faded altar of an unknown god.
  5102 | D:5      | Found a snail-covered altar of Cheibriados.
  5103 | D:5      | Found a faded altar of an unknown god.
  5107 | D:5      | Became a worshipper of Cheibriados the Contemplative
  5261 | D:6      | Noticed Fartwhistle's ghost (novice NaTm)
  5355 | D:6      | Found a staircase to the Ecumenical Temple.
  5598 | D:6      | Reached skill level 10 in Axes
  6002 | D:6      | Killed Fartwhistle's ghost
  6002 | D:6      | Reached XP level 10. HP: 23/71 MP: 10/10
  6580 | D:7      | Reached * piety under Cheibriados
  7178 | D:7      | Reached skill level 11 in Axes
  7309 | D:8      | Reached skill level 10 in Shields
  7471 | D:8      | You fall through a shaft for 2 floors!
  7471 | D:10     | Entered Level 10 of the Dungeon
  7802 | D:9      | Reached ** piety under Cheibriados
  7817 | D:9      | Found a shattered altar of Ashenzari.
  7904 | D:8      | Found Naro's Antique Armour Shop.
  7908 | D:8      | Bought a pair of shimmering boots for 304 gold pieces
  7913 | D:8      | Identified the +0 pair of boots "Joebrudo" {+Inv rC+ Str-5 Dex+5} (You bought it in a shop on level 8 of the Dungeon)
  8088 | D:7      | HP: 2/71 [burnt (8)]
  8089 | D:7      | Incinerated by a mottled dragon

Skill      XL: |  1  2  3  4  5  6  7  8  9 10 |
---------------+-------------------------------+-----
Axes           | 3 4 5 6 9 10 11 | 11.6
Armour         | 4 |  4.0
Shields        | 4 5 6 7 9 10 | 10.3
Fighting       | 4 |  4.0

Action                   |  1- 3 |  4- 6 |  7- 9 | 10-12 || total
-------------------------+-------+-------+-------+-------++-------
Melee: War axe           |   127 |   218 |   375 |   244 ||   964
 Abil: Dig               |       |     2 |     2 |     1 ||     5
       Shaft Self        |       |       |       |     1 ||     1
  Use: Scroll            |       |       |     9 |       ||     9
       Potion            |       |       |     2 |     3 ||     5
  Eat: Chunk             |     1 |     8 |    10 |     5 ||    24
Armor: Scale mail        |    57 |    69 |   108 |    40 ||   274
       Plate armour      |       |       |       |    13 ||    13
Dodge: Dodged            |    19 |    41 |    70 |    51 ||   181
Block: Shield            |     7 |       |       |       ||     7
       Large shield      |    88 |   173 |   340 |   189 ||   790
